 Dungeon Crawl Stone Soup version 0.27-a0-1500-g450c7e4133 (webtiles) character file.

Game seed: 16370606679268327613

144 lunkers the Magician (level 5, -1/39 HPs)
             Began as a Djinni Earth Elementalist on July 7, 2021.
             Slain by an orc (6 damage)
             ... on level 3 of the Dungeon.
             The game lasted 00:03:18 (3119 turns).

lunkers the Magician (Djinni Earth Elementalist)    Turns: 3119, Time: 00:03:18

Health: -1/39      AC:  2    Str:  7    XL:     5   Next: 52%
Gold:   121        EV: 12    Int: 17    God:
                   SH:  0    Dex: 14

rFire    + + .     SeeInvis .   m - +1 short sword (speed)
rCold    x . .     Faith    .   (no shield)
rNeg     . . .     Spirit   .   b - +0 robe
rPois    ∞         Reflect  .   (no helmet)
rElec    .         Harm     .   (no cloak)
rCorr    .         Rampage  .   (no gloves)
Will     .....                  (boots unavailable)
Stlth    ++........             (no amulet)
HPRegen  0.13/turn              (no ring)
MPRegen  0.00/turn              (no ring)

@: flying
A: sickness immunity, fire resistance 2, cold vulnerability 1, float, innate
caster, hp casting, extra vitality 1
a: no special abilities


You were on level 3 of the Dungeon.
You visited 1 branch of the dungeon, and saw 3 of its levels.

You collected 121 gold pieces.

Inventory:

Hand Weapons
 f - a +0 short sword
 m - a +1 short sword of speed (weapon)
Missiles
 c - 20 stones
 h - 5 curare-tipped darts
Armour
 b - a +0 robe (worn)
Jewellery
 o - a ring of wizardry
Wands
 n - a wand of flame (10)
Scrolls
 d - 4 scrolls of identify {unknown}
 e - 2 scrolls of enchant armour {unknown}
 g - 2 scrolls of amnesia {unknown}
 j - a scroll of magic mapping {unknown}
 k - a scroll of immolation {unknown}
Potions
 a - 2 potions of brilliance {unknown}
 i - 2 potions of mutation {unknown}
 l - a potion of might {unknown}
 p - a potion of heal wounds {unknown}


   Skills:
 + Level 2.5 Fighting
 - Level 2.1 Dodging
 - Level 1.5 Stealth
 * Level 3.9 Spellcasting


You couldn't memorise any spells.
You knew the following spells:

 Your Spells              Type           Power      Damage    Failure   Level
a - Stone Arrow           Conj/Erth      32%        3d9       10%         3
b - Passwall              Tmut/Erth      13%        N/A       4%          2
c - Sandblast             Erth           32%        2d9       3%          1
d - Petrify               Tmut/Erth      16%        N/A       30%         4
e - Apportation           Tloc           32%        N/A       3%          1
f - Corpse Rot            Necr/Air       N/A        N/A       4%          2
Your spell library was empty.

Dungeon Overview and Level Annotations

Branches:
Dungeon (3/15)

Altars:

Shops:
D:1 !   D:3 :

Annotations:
D:3 1 runed translucent door, barkas's ghost, amateur NaMo


Innate Abilities, Weirdness & Mutations

You are immune to sickness and miasma.
You are immune to poison.
Your flesh is very heat resistant. (rF++)
You are vulnerable to cold. (rC-)
You float through the air rather than walking.
You learn spells naturally, not from books.
Your magical power is your life essence.
You have superior vitality. (+4 HP)


Message History

An orc is nearby!
You are too injured to fight recklessly!
You are too injured to fight recklessly!
Casting: Stone Arrow (dangerous; 10% risk of failure)
Confirm with . or Enter, or press ? or * to list all spells.
Aiming: Stone Arrow (dangerous; 10% risk of failure)
Press: ? - help, Shift-Dir - straight line, f - orc
Aim: an orc, wielding a +0 trident (wandering, hasn't noticed you, 68% to hit)
The stone arrow misses the orc.
The orc shouts!
* * * LOW HITPOINT WARNING * * *
Unknown command.
Casting: Stone Arrow (dangerous; 10% risk of failure)
Confirm with . or Enter, or press ? or * to list all spells.
Aiming: Stone Arrow (dangerous; 10% risk of failure)
Press: ? - help, Shift-Dir - straight line, f/p - orc
Aim: an orc, wielding a +0 trident (68% to hit)
You miscast Stone Arrow.
You are very lightly contaminated with residual magic.
You are blasted with sand.
* * * LOW HITPOINT WARNING * * *
The orc hits you from afar with a +0 trident.
* * * LOW HITPOINT WARNING * * *
Casting: Stone Arrow (dangerous; 10% risk of failure)
Confirm with . or Enter, or press ? or * to list all spells.
Aiming: Stone Arrow (dangerous; 10% risk of failure)
Press: ? - help, Shift-Dir - straight line, f/p - orc
Aim: an orc, wielding a +0 trident (68% to hit)
The stone arrow misses the orc.
* * * LOW HITPOINT WARNING * * *
The orc hits you from afar with a +0 trident!
* * * LOW HITPOINT WARNING * * *
Unknown command.
Casting: Stone Arrow (dangerous; 10% risk of failure)
Confirm with . or Enter, or press ? or * to list all spells.
Okay, then.
Your magical contamination has completely faded away.
There is an escape hatch in the ceiling here.
The orc hits you from afar with a +0 trident.
You die...

##########.............####∩#####
.....................o...........
##########.............####..####
###)###.......# ##.# # #.#
#.......# #.## # #)# #.......#
#..# # #)# #.......######)###
##.########............
#.....@.o.#.########.##
#.......#.#.# #......
#.......#.#.# #.###.#
#.......#.#.#####.# #.#
#.......#.#.....#.# #.#
#####.#.#.#.......# #.#
#.#.#.#.....#####.)
#####.#.#..............
#.....#.##############.


You could see an orc.

Vanquished Creatures
  An orc priest (D:3)
  4 adders (D:3)
  A worm (D:3)
  A dart slug (D:1)
  6 orcs (D:3)
  11 bats
  8 endoplasms
  3 goblins
  4 hobgoblins
  9 jackals
  5 ball pythons
  3 frilled lizards
  5 kobolds
  7 rats
68 creatures vanquished.

Notes
Turn   | Place    | Note
-------+----------+-------------------------------------------
     0 | D:1      | lunkers the Djinni Earth Elementalist began the quest for
                  | the Orb.
     0 | D:1      | Reached XP level 1. HP: 15/15 MP: 0/0
   143 | D:1      | Found Kytomak's Distillery.
   167 | D:1      | Reached XP level 2. HP: 20/22 MP: 0/0
   210 | D:1      | Found a faded altar of an unknown god.
   382 | D:1      | Reached skill level 1 in Fighting
   489 | D:1      | Reached XP level 3. HP: 19/27 MP: 0/0
   489 | D:1      | Learned a level 1 spell: Apportation
   600 | D:1      | Reached skill level 3 in Spellcasting
   774 | D:1      | You are sucked into a shaft and drop 1 floor!
  1980 | D:3      | Reached XP level 4. HP: 25/32 MP: 0/0
  2246 | D:3      | Found Nuwn's Book Boutique.
  2579 | D:3      | Found a runed translucent door.
  2581 | D:3      | Noticed barkas's ghost (amateur NaMo)
  2639 | D:3      | Reached XP level 5. HP: 17/38 MP: 0/0
  2639 | D:3      | Learned a level 2 spell: Corpse Rot
  3092 | D:3      | HP: 1/39 [orc (7)]
  3119 | D:3      | Slain by an orc

Illustrated notes

Levels and vault maps discovered:
D:1:      ebering_trefoil_3fold, layout_basic, serial_shops,
          nicolae_diamond_shop, shapermc_ecumenical_altar_totnotflames,
          minmay_ruptured
D:2:      layout_loops_corners, minmay_liquid_box
D:3:      layout_basic, ebering_ghost_reflecting_pool, serial_shops, shop,
          serial_park_tiny_pond, minmay_fractal_squares_diagonal_5

Skill      XL: |  1  2  3  4 |
---------------+-------------+-----
Fighting       | 1 2 |  2.5
Spellcasting   | 3 |  3.9
Dodging        | |  2.1
Stealth        | |  1.5

Action                   |  1- 3 |  4- 6 || total
-------------------------+-------+-------++-------
Melee: Short sword       |    24 |    15 ||    39
 Cast: Sandblast         |    48 |    17 ||    65
       Stone Arrow       |       |    11 ||    11
       Passwall          |       |     1 ||     1
       Corpse Rot        |       |     2 ||     2
 Stab: Sleeping          |       |     1 ||     1
Armor: Robe              |    10 |     4 ||    14
Dodge: Dodged            |    30 |    18 ||    48

Table legend: (Time is in decaauts)
 A = Elapsed time spent in this place.
 B = Non-inter-level travel time spent in this place.
 C = Inter-level travel time spent in this place.
 D = Time resting spent in this place.
 E = Time spent auto-exploring this place.
 F = Levels seen in this place.
 G = Mean time per level.
                   A        B        C        D        E       F      G
               +--------+--------+--------+--------+--------+-----+--------+
         Total |   3117 |   3066 |     51 |    224 |   2376 |   3 | 1039.0 |
       Dungeon |   3117 |   3066 |     51 |    224 |   2376 |   3 | 1039.0 |
               +--------+--------+--------+--------+--------+-----+--------+

Top non-repeatable levels by time:
     D:3: 1143 daAuts
     D:2: 1040 daAuts
     D:1: 933 daAuts
